 Seeded DCSS version 0.29.1-13-g9f3cf754e1 (webtiles) character file.

Game seed: 18334199546629406935 (custom seed)

639 mathmaestro the Purveyor of Pain (level 7, -4/53 HPs)
             Began as a Demonspawn Necromancer on Jan 25, 2023.
             Was an Initiate of Kikubaaqudgha.
             Slain by a troll (8 damage)
             ... on level 4 of the Dungeon.
             The game lasted 00:09:35 (5183 turns).

mathmaestro the Purveyor of Pain (DsNe)             Turns: 5183, Time: 00:09:36

Health: -4/53      AC:  5    Str: 14    XL:     7   Next: 26%
Magic:  3/12       EV: 13    Int: 19    God:    Kikubaaqudgha [......]
Gold:   276        SH:  0    Dex: 13    Spells: 5/13 levels left

rFire   . . .      SeeInvis .   s - +4 flail (protect)
rCold   . . .      Faith    .   (no shield)
rNeg    . . .      Spirit   .   a - +0 robe
rPois   .          Reflect  .   (helmet restricted)
rElec   .          Harm     .   z - +0 cloak
rCorr   .          Rampage  .   l - +0 pair of gloves
Will    .....                   (no boots)
Stlth   ++........              (no amulet)
HPRegen 0.17/turn               k - +6 ring of strength
MPRegen 0.26/turn               m - ring of flight

@: animating dead, flying
A: antennae 1, rugged brown scales 1, powered by death 1, magic regeneration
a: Renounce Religion


You were on level 4 of the Dungeon.
You worshipped Kikubaaqudgha.
Kikubaaqudgha was noncommittal.
You visited 1 branch of the dungeon, and saw 5 of its levels.
You also visited: Sewer.

You collected 276 gold pieces.

Inventory:

Hand Weapons
 s - a +4 flail of protection (weapon)
Missiles
 A - 4 javelins
Armour
 a - a +0 robe (worn)
 l - a +0 pair of gloves (worn)
 z - a +0 cloak (worn)
Jewellery
 k - a +6 ring of strength (left hand)
 m - a ring of flight (right hand)
Scrolls
 f - 3 scrolls of immolation
 g - 3 scrolls of teleportation
 n - 3 scrolls of magic mapping
 o - a scroll of fear {unknown}
 q - a scroll of blinking {unknown}
 r - 3 scrolls of fog
 w - a scroll of amnesia {unknown}
 y - a scroll of enchant armour {unknown}
 B - a scroll of enchant weapon {unknown}
Potions
 b - a potion of magic
 c - 4 potions of curing
 d - 3 potions of might {unknown}
 h - 3 potions of attraction {unknown}
 i - 3 potions of degeneration {unknown}
 j - 2 potions of haste {unknown}
 p - a potion of flight {unknown}
 t - 2 potions of heal wounds {unknown}
 u - a potion of cancellation {unknown}
 v - a potion of mutation {unknown}
 x - a potion of invisibility {unknown}
 C - 2 potions of lignification {unknown}
 D - a potion of berserk rage {unknown}


   Skills:
 + Level 3.2 Fighting
 + Level 3.5 Dodging
 + Level 3.9 Stealth
 + Level 3.7 Spellcasting
 + Level 5.8 Necromancy


You had 5 spell levels left.
You knew the following spells:

 Your Spells              Type           Power      Damage    Failure   Level
a - Necrotise             Necr           100%       1d9       1%          1
b - Vampiric Draining     Necr           25%        2d7       3%          3
c - Animate Dead          Necr           25%        N/A       13%         4

Your spell library contained the following spells:

 Spells                   Type           Power      Damage    Failure   Level
 Slow                     Hex            12%        N/A       14%         1
 Agony                    Necr           25%        N/A       34%         5
 Confusing Touch          Hex            3%         N/A       38%         3


Dungeon Overview and Level Annotations

Branches:
Dungeon (5/15)              Sewer (visited)
 Temple: D:4-7

Altars:
Kikubaaqudgha

Annotations:
D:4 1 runed translucent door, croobank's ghost, weakling DgDe


Innate Abilities, Weirdness & Mutations

You have a pair of small antennae on your head.
You are partially covered in rugged brown scales. (AC +1, +3% HP)
You regenerate a little health from kills.
You regenerate magic rapidly.


Message History

The orc hits your orc zombie with a +0 dagger.
Unknown command.
You swap places.
Your gnoll zombie barely misses the troll.
The troll bites your gnoll zombie. The troll claws your gnoll zombie! x2
Your gnoll zombie is destroyed!
The orc barely misses your orc zombie.
Unknown command.
Casting: Vampiric Draining (dangerous; 3% risk of failure)
Confirm with . or Enter, or press ? or * to list all spells.
Aiming: Necrotise (safe; 1% risk of failure)
Press: ? - help, Shift-Dir - straight line, f - troll
Aim: a troll (ally target, chance to affect: 83%)
The troll writhes in agony!
Unknown command.
The troll attacks as you move away! The troll bites you but does no damage.
The troll claws you! The troll barely misses you.
The orc hits your orc zombie with a +0 dagger.
Your gnoll zombie hits the troll.
The troll attacks as you move away! The troll misses you.
The troll claws you but does no damage. The troll barely misses you.
Your gnoll zombie barely misses the troll.
There is a stone staircase leading up here.
The troll bites you. The troll misses you. The troll claws you!
You fly upwards.
Level annotation: 1 runed translucent door, croobank's ghost, weakling DgDe
There is a stone staircase leading down here.
Casting: Necrotise (safe; 1% risk of failure)
Confirm with . or Enter, or press ? or * to list all spells.
Aiming: Vampiric Draining (dangerous; 3% risk of failure)
Press: ? - help, Shift-Dir - straight line, f - troll
Aim: a troll (lightly wounded)
You draw life force from the troll!
You feel life coursing into your body. The troll bites you!
* * * LOW HITPOINT WARNING * * *
The troll barely misses you. The troll claws you!
* * * LOW HITPOINT WARNING * * *
The troll attacks as you move away! The troll bites you!
You die...
Kikubaaqudgha rasps: "You have failed me!
Welcome... death!"

......# #.........#
##.#.## #.#.#.##..#
#.#'## #.#.#.##..#
##....## #.#.#.##..#
.......## #.........#
#.......######.##.#####
<........##.....#.#
.........'..###...##
.........##.# #.@#.#
#.......###.###T#.##
##.....## #.....###
##...## ###.### ##'##
#.# ####.### #.#
.......# #.#
.#...#.######.#
.#............#


You could see a troll.

Vanquished Creatures
  An ogre (D:4)
  A phantom (D:5)
  2 bullfrogs (Sewer)
  A jelly (D:4)
  2 hounds (D:5)
  An orc wizard (D:5)
  A river rat (Sewer)
  6 adders
  7 gnolls
  An ufetubus (D:4)
  A worm (D:3)
  2 dart slugs
  7 orcs
  4 bats
  9 endoplasms
  2 giant cockroaches
  2 goblins
  3 hobgoblins
  3 quokkas
  16 ball pythons
  A frilled lizard (Sewer)
  3 kobolds
  19 rats
95 creatures vanquished.

Vanquished Creatures (collateral kills)
  An adder (Sewer)
  4 ball pythons
  A frilled lizard (Sewer)
  A kobold (D:1)
  8 rats
15 creatures vanquished.

Vanquished Creatures (others)
  An adder zombie (Sewer)
  A gnoll zombie (D:5)
2 creatures vanquished.

Grand Total: 112 creatures vanquished

Notes
Turn   | Place    | Note
-------+----------+-------------------------------------------
     0 | D:1      | mathmaestro the Demonspawn Necromancer began the quest for
                  | the Orb.
     0 | D:1      | Reached XP level 1. HP: 13/13 MP: 3/3
   314 | D:1      | Gained mutation: You are partially covered in rugged brown
                  | scales. (AC +1, +3% HP) [demonic ancestry]
   314 | D:1      | Reached XP level 2. HP: 14/20 MP: 0/5
  1064 | D:1      | Reached skill level 1 in Fighting
  1197 | D:2      | Reached XP level 3. HP: 26/26 MP: 3/6
  1201 | D:2      | Learned a level 3 spell: Vampiric Draining
  1667 | D:2      | Gained mutation: You have a pair of small antennae on your
                  | head. [demonic ancestry]
  1667 | D:2      | Reached XP level 4. HP: 32/32 MP: 0/7
  1829 | D:2      | Learned a level 4 spell: Animate Dead
  1865 | D:3      | Found a glowing drain.
  1909 | Sewer    | Entered a sewer
  2331 | Sewer    | Reached XP level 5. HP: 34/39 MP: 2/9
  2421 | Sewer    | Reached skill level 5 in Necromancy
  2427 | Sewer    | Gained mutation: You regenerate magic rapidly. [demonic
                  | ancestry]
  2427 | Sewer    | Reached XP level 6. HP: 45/47 MP: 3/10
  2483 | D:3      | Found a faded altar of an unknown god.
  3613 | D:4      | Found a runed translucent door.
  3914 | D:4      | Found an ancient bone altar of Kikubaaqudgha.
  3921 | D:4      | Became a worshipper of Kikubaaqudgha
  4267 | D:4      | Noticed croobank's ghost (weakling DgDe)
  4293 | D:5      | Entered Level 5 of the Dungeon
  4393 | D:5      | Gained mutation: You regenerate a little health from kills.
                  | [demonic ancestry]
  4393 | D:5      | Reached XP level 7. HP: 26/53 MP: 12/12
  5128 | D:5      | Noticed a troll
  5183 | D:4      | Slain by a troll

Illustrated notes

Levels and vault maps discovered:
D:1:      shiori_shiawase, layout_loops_ring, st_stairs_7
D:2:      layout_basic, minmay_large_rounded_square
D:3:      layout_basic, portal_sewer_entry_a, hellmonk_ecumenical_altar_blasted
D:4:      layout_loops_corners, kiku_gazebo_garden_becter, ebering_ghost_sewer_d
D:5:      layout_basic

Skill      XL: |  1  2  3  4  5  6 |
---------------+-------------------+-----
Stealth        | 2 3 |  3.9
Dodging        | 2 3 |  3.5
Fighting       | 1 2 3 |  3.2
Necromancy     | 5 |  5.8
Spellcasting   | 3 |  3.7

Action                   |  1- 3 |  4- 6 |  7- 9 || total
-------------------------+-------+-------+-------++-------
Melee: Whip              |    11 |       |       ||    11
       Flail             |       |    81 |    31 ||   112
       Punch             |       |     1 |       ||     1
 Cast: Necrotise         |    57 |    48 |     8 ||   113
       Animate Dead      |       |     2 |     1 ||     3
       Vampiric Draining |       |     5 |     6 ||    11
  Use: Scroll            |       |     3 |     4 ||     7
 Stab: Distracted        |       |     1 |       ||     1
       Sleeping          |       |     6 |       ||     6
Armor: Robe              |     7 |    47 |    22 ||    76
Dodge: Dodged            |    20 |    80 |    39 ||   139
